Map: Daybreak LE (Void)

Players

Fropez

  • Race: Protoss Protoss
  • League: Gold
  • Spawn Location: 1:00

Garth - Winner!

  • Race: Zerg Zerg
  • League: Gold
  • Spawn Location: 7:00

VOD

Have the link to the VOD?

Description

Time

  • Played on: Jan. 12, 2017, 5:23 p.m.
  • Length: 7:05
Show
View Real Time Build Order
Export as new Build Order

Fropez Protoss 

Build Orders: 1 Gate Expand 

Get SALT Encoding   

  12  0:01  Probe (Chrono Boost)  
  13  0:12  Probe (Chrono Boost)  
  14  0:18  Pylon  
  14  0:24  Probe (Chrono Boost)  
  15  0:37  Gateway  
  15  0:38  Probe (Chrono Boost)  
  16  0:48  Assimilator  
  16  0:49  Probe (Chrono Boost)  
  17  0:59  Probe (Chrono Boost)  
  18  1:10  Probe (Chrono Boost)  
  19  1:18  Pylon  
  19  1:29  Nexus  
  19  1:38  Pylon  
  19  1:49  Probe (Chrono Boost)  
  19  1:51  Pylon  
  20  1:59  Probe (Chrono Boost)  
  21  2:11  Gateway  
  21  2:13  Gateway  
  21  2:18  Pylon  
  21  2:21  Probe (Chrono Boost)  
  22  2:41  Cybernetics Core  
  22  2:46  Probe x2 (Chrono Boost)  
  22  2:48  Zealot  
  26  2:56  Probe (Chrono Boost)  
  26  2:57  Probe (Chrono Boost)  
  28  3:05  Assimilator  
  28  3:07  Probe (Chrono Boost)  
  29  3:20  Pylon  
  29  3:25  Zealot  
  29  3:26  Pylon  
  28  3:29  Assimilator  
  32  3:35  Mothership Core (Chrono Boost)  
  32  3:38  Warp Gate  
  32  3:43  Pylon  
  29  3:53  Zealot  
  29  4:07  Probe (Chrono Boost)  
  30  4:15  Assimilator  
  30  4:23  Pylon  
  30  4:38  Gateway  
  28  4:59  Adept x2  
  26  5:13  Gateway  
  25  5:26  Adept x2, Pylon  
  25  5:27  Pylon  
  29  5:31  Adept  
  32  5:36  Probe (Chrono Boost)  
  32  5:45  Probe (Chrono Boost)  
  33  5:53  Adept  
  35  6:00  Probe (Chrono Boost)  
  35  6:01  Probe (Chrono Boost)  
  37  6:24  Probe (Chrono Boost)  
  37  6:25  Probe (Chrono Boost)  
  37  6:34  Zealot x2  
Show
View Real Time Build Order
Export as new Build Order

Garth Zerg - Winner!

Build Orders: Hatch First 

Get SALT Encoding   

  12  0:01  Drone  
  13  0:13  Overlord  
  13  0:18  Drone  
  14  0:24  Extractor, Drone  
  15  0:33  Drone  
  16  0:38  Drone  
  17  0:55  Hatchery  
  17  0:56  Drone  
  17  1:02  Drone  
  18  1:10  Extractor  
  17  1:17  Spawning Pool  
  16  1:19  Drone  
  17  1:55  Drone x3  
  20  2:04  Queen  
  20  2:06  Overlord  
  22  2:11  Zergling x2  
  23  2:17  Zergling x2  
  24  2:28  Zergling x2  
  24  2:29  Zergling x2  
  26  2:36  Queen  
  28  2:51  Metabolic Boost  
  28  2:54  Overlord  
  28  2:57  Drone  
  28  2:58  Drone  
  30  3:05  Drone  
  31  3:06  Drone x2  
  33  3:17  Zergling x2  
  33  3:44  Zergling x14  
  40  3:53  Drone  
  39  4:05  Zergling x4  
  40  4:11  Overlord x2  
  39  4:32  Zergling x8  
  42  4:39  Roach Warren, Drone  
  42  4:40  Drone x5  
  38  5:20  Roach x11  
  59  5:22  Lair  
  59  5:25  Extractor  
  56  5:46  Drone x3  
  59  6:02  Evolution Chamber  
  59  6:03  Evolution Chamber  
  57  6:05  Overlord x2  
  59  6:11  Drone x2  
  59  6:16  Extractor x2  
  57  6:31  Hatchery  
  54  6:39  Roach x7  
  73  6:40  Roach x3  
  73  6:44  Roach x2  
Tags
 
Add a new tag
Caveats
  • Supply blocks, unpowered buildings, or Contaminate may cause inaccurate times.
  • Supply counts are checked every 10 seconds.